[Event "Late-Titled-Tuesday-Blitz-January-30-2024"]
[Site "Chess.com"]
[Date "2024.01.30"]
[Round "5"]
[White "Hamisandwich"]
[Black "GHANDEEVAM2003"]
[Result "1-0"]
[WhiteElo "2725"]
[BlackElo "3012"]
[TimeControl "180+1"]
[EndTime "14:57:34 PST"]
[Termination "Hamisandwich won by checkmate"]

1. c3 g6 2. g3 Bg7 3. Bg2 d5 4. f4 Nc6 5. Qb3 Nf6 6. Nf3 O-O 7. O-O Qd6 8. Qa3 Re8 9. d3 Bg4 10. h3 Bd7 11. g4 d4 12. c4 Nb4 13. Qb3 c5 14. Ne5 a5 15. a3 a4 16. Qd1 Nc6 17.
Nxd7 Nxd7 18. Nd2 f5 19. gxf5 gxf5 20. Nf3 h6 21. Qe1 Bf6 22. Bd2 Kh7 23. Kh1 Rg8 24. Rg1 Nf8 25. Nh4 e6 26. Qf2 Qe7 27. Be1 Ra6 28.
Bf3 Rxg1+ 29. Kxg1 Rb6 30. Rb1 Qc7 31. Bh5 Ne7 32.
Kh1 Rb3 33. Bd2 Bxh4 34. Qxh4 Neg6 35. Qg3 b5 36. cxb5 Qb7+ 37. Bf3 Qxb5 38. Rg1 Rxb2 39. Bh5 Qb7+ 40. Rg2 Qf7 41. Ba5 Rb3 42. Bc7 c4 43. Bd6 cxd3 44. Bxf8 dxe2 45. Bxg6+ Kh8 46. Bxf7 Rxg3 47.
Rxe2 d3 48. Rxe6 Rf3 49. Rxh6# 1-0

[Event "Late-Titled-Tuesday-Blitz-January-30-2024"]
[Site "Chess.com"]
[Date "2024.01.30"]
[Round "5"]
[White "Boninknights"]
[Black "melissa_guez"]
[Result "1/2-1/2"]
[WhiteElo "2416"]
[BlackElo "2253"]
[TimeControl "180+1"]
[EndTime "14:57:34 PST"]
[Termination "Game drawn by repetition"]

1. d4 d5 2. Nf3 Nf6 3. c4 c6 4.
Qb3 Qb6 5. Nc3 Qxb3 6. axb3 Bf5 7. c5 Nbd7 8. b4 Ne4 9. Bf4 h6 10. e3 g5 11. Bc7 Bg7 12. b5 Nxc3 13. bxc3 cxb5 14.
Bxb5 O-O 15. O-O Rfc8 16. Bg3 e5 17. Bxd7 Bxd7 18. Bxe5 f6 19. Bg3 Bb5 20. Rfb1 a6 21. Nd2 h5 22. h4 g4 23. Rb4 Kf7 24. c4 dxc4 25. Nxc4 Bxc4 26. Rxc4 b5 27. cxb6 Rxc4 28. b7 Rcc8 29. bxc8=Q Rxc8 30. Rxa6 f5 31. Ra7+ Kg6 32. d5 Bf6 33. d6 f4 34. Bxf4 Bxh4 35. g3 Bf6 36. d7 Rc1+ 37. Kg2 Rd1 38. e4 h4 39. gxh4 Bxh4 40. e5 Rd4 41. Bg3 Be7 42. f4 Rd2+ 43. Kf1 Kf5 44. Rb7 Ke4 45. Ke1 Rg2 46. Bf2 Kxf4 47. Rb8 Kxe5 48. d8=Q Bxd8 49. Rxd8 g3 50.
Bxg3+ Rxg3 51. Rd7 Ra3 52. Re7+ Kf4 53. Rf7+ Ke3 54.
Re7+ Kf3 55. Rf7+ Ke3 56. Re7+ Kf3 57. Rf7+ Ke3 1/2-1/2

[Event "Late-Titled-Tuesday-Blitz-January-30-2024"]
[Site "Chess.com"]
[Date "2024.01.30"]
[Round "5"]
[White "TigrVShlyape"]
[Black "Oleksandr_Bortnyk"]
[Result "1-0"]
[WhiteElo "2950"]
[BlackElo "3096"]
[TimeControl "180+1"]
[EndTime "14:57:36 PST"]
[Termination "TigrVShlyape won on time"]

1. e4 Nf6 2. e5 Nd5 3. d4 d6 4. exd6 exd6 5. Nf3 Be7 6. Bc4 Nb6 7. Bd3 O-O 8. O-O c5 9. c3 Nc6 10. dxc5 dxc5 11.
Qc2 h6 12. Nbd2 Be6 13. Re1 Qc7 14. Nf1 Rad8 15. Ng3 Rfe8 16. Bh7+ Kh8 17. Bf5 Bd5 18. Be4 Bd6 19. Bxd5 Rxe1+ 20. Nxe1 Nxd5 21. Nf3 Bxg3 22. hxg3 Ne5 23. Nxe5 Qxe5 24. Bd2 Nf6 25. Re1 Qh5 26.
f3 Qd5 27. Be3 b5 28. b3 Qc6 29. c4 b4 30. g4 Re8 31. Kf2 Qd6 32. Qd2 Qc6 33.
g5 hxg5 34. Bxg5 Rxe1 35. Kxe1 Nd7 36. Bf4 Kg8 37. Kf2 f6 38. Qd6 Qxd6 39. Bxd6 Kf7 40. Ke3 Ke6 41. Bc7 g5 42. g4 f5 43. gxf5+ Kxf5 44. Bd6 Ke6 45. Bc7 Ne5 46. Ke4 Nc6 47. Bg3 a6 48.
Bf2 Kd6 49. Be3 a5 50. Bxg5 Nd4 51. Be3 Ne6 52. f4 Nc7 53. f5 Ne8 54. Bf4+ Kc6 55. Be5 a4 56. bxa4 Kb6 57. Kd5 Ka5 58. Kxc5 Kxa4 59.
f6 Nxf6 60. Bxf6 Ka3 61. Kb5 b3 62. axb3 Kxb3 63. c5 1-0

[Event "Late-Titled-Tuesday-Blitz-January-30-2024"]
[Site "Chess.com"]
[Date "2024.01.30"]
[Round "5"]
[White "Cambek64"]
[Black "GMG"]
[Result "0-1"]
[WhiteElo "2527"]
[BlackElo "2815"]
[TimeControl "180+1"]
[EndTime "14:57:36 PST"]
[Termination "GMG won on time"]

1. b3 c5 2. Bb2 d6 3. c4 e5 4. e3 g6 5. g3 Bg7 6. Bg2 Nc6 7. Ne2 Nge7 8. O-O h5 9. h3 Be6 10. d3 d5 11. cxd5 Bxd5 12. Nbc3 Bxg2 13. Kxg2 Nb4 14. Nc1 Qd7 15. a3 Nbc6 16. Qf3 f5 17. Rd1 h4 18. g4 O-O 19. gxf5 Rxf5 20. Qg4 Raf8 21. Ne4 Qd5 22. Kg1 Nd8 23. Qxh4 Nec6 24. Ng5 Rxg5+ 25. Qxg5 Qf7 26. Qg2 Ne6 27. Ne2 Ng5 28. f4 Ne6 29. Rf1 Qe8 30. fxe5 Qd7 31. Rxf8+ Nxf8 32. d4 Ne7 33. Rf1 Ne6 34.
Qe4 cxd4 35. Nxd4 Ng5 36. e6 Qd6 37. Qg4 Nh7 38. Qf4 Qc5 39. Qf7+ Kh8 40. Qe8+ Ng8 41. e7 Qg5+ 42. Kh1 Nf6 43. Rxf6 Qxf6 44. Qxg8+ Kxg8 45. e8=Q+ Kh7 46. Qe4 Qf1+ 0-1

[Event "Late-Titled-Tuesday-Blitz-January-30-2024"]
[Site "Chess.com"]
[Date "2024.01.30"]
[Round "5"]
[White "GoValya"]
[Black "PattyCastillo"]
[Result "1-0"]
[WhiteElo "2295"]
[BlackElo "1984"]
[TimeControl "180+1"]
[EndTime "14:57:36 PST"]
[Termination "GoValya won by resignation"]

1. d4 d5 2. c4 c6 3. g3 Nf6 4. Bg2 e6 5. Nc3 Nbd7 6. Nf3 Be7 7. O-O O-O 8. b3 b6 9. Bb2 Bb7 10. Rc1 a6 11. h3 c5 12. cxd5 exd5 13. e3 Re8 14.
Ne5 Bd6 15. f4 Rc8 16. Qd2 b5 17. dxc5 Bxc5 18. Ne2 Qb6 19. Bd4 Ne4 20. Nxd7 Nxd2 21. Nxb6 Bxb6 22. Bxb6 Nxf1 23. Rxf1 Rc2 24. Nd4 Rxa2 25.
Rf2 Ra1+ 26. Kh2 Rxe3 27. Nc2 Ree1 28. Nxe1 Rxe1 29. Rd2 h5 30. Bxd5 Bxd5 31. Rxd5 Re2+ 32. Kg1 Rb2 33. Rd3 Kh7 34. g4 hxg4 35. hxg4 Rc2 36. Bd4 Kg6 37. Rc3 Rd2 38. Be5 Rd1+ 39. Kf2 Rb1 40. Kf3 b4 41. Rc6+ f6 42. Bd6 Rxb3+ 43. Ke4 a5 44. Ra6 Ra3 45. Ra7 a4 46. f5+ Kg5 47. Rxg7+ Kh4 48. Kf4 Kh3 49. Rh7+ Kg2 50.
g5 fxg5+ 51. Kxg5 Rg3+ 52. Bxg3 Kxg3 53. f6 b3 54. Rb7 1-0

[Event "Late-Titled-Tuesday-Blitz-January-30-2024"]
[Site "Chess.com"]
[Date "2024.01.30"]
[Round "5"]
[White "Azerichess"]
[Black "Rikikits"]
[Result "1/2-1/2"]
[WhiteElo "3070"]
[BlackElo "2840"]
[TimeControl "180+1"]
[EndTime "14:57:40 PST"]
[Termination "Game drawn - insufficient material"]

1. d4 f5 2. g3 Nf6 3. Bg2 g6 4. c4 Bg7 5. Nf3 O-O 6. O-O d6 7. b4 e5 8. dxe5 dxe5 9. Bb2 e4 10. Nd4 Qe7 11. Qb3 Kh8 12. Nc3 c6 13. Rad1 Nbd7 14. f3 Ne5 15. c5 Bd7 16. fxe4 Neg4 17. Bc1 Nxe4 18. Nxe4 fxe4 19. Bf4 g5 20. Be3 h6 21. h3 Nf6 22. Nf5 Bxf5 23. Rxf5 Nh5 24. Rxf8+ Rxf8 25. Bd4 Rd8 26. Bxg7+ Kxg7 27. Qc3+ Nf6 28. Rxd8 Qxd8 29. Bxe4 Qe7 30. Bf3 Kg6 31. Qd4 h5 32. Kf1 Qe6 33. h4 gxh4 34. gxh4 Qxa2 35. Qd3+ Kg7 36. Qe3 Qb1+ 37.
Kf2 Qg6 38. Qe7+ Qf7 39. Qxf7+ Kxf7 40. Ke3 Ke6 41. Kd4 Kf5 42. b5 cxb5 43. Bxb7 Ke6 44.
e3 a5 45. e4 b4 46. e5 Ne8 47. Bd5+ Kd7 48. Kc4 Nc7 49. Bf3 Ke6 50. Bxh5 Kxe5 51. Bd1 Ne6 52. c6 Kd6 53. h5 Kxc6 54. h6 Ng5 55. Ba4+ Kd6 56. Kb5 Ke5 57. Kxa5 Kf6 58. Kxb4 Kg6 59. h7 Kxh7 1/2-1/2

[Event "Late-Titled-Tuesday-Blitz-January-30-2024"]
[Site "Chess.com"]
[Date "2024.01.30"]
[Round "5"]
[White "Nick12772"]
[Black "OPQRC"]
[Result "1-0"]
[WhiteElo "2381"]
[BlackElo "2539"]
[TimeControl "180+1"]
[EndTime "14:57:42 PST"]
[Termination "Nick12772 won on time"]

1. Nf3 d5 2. g3 Nf6 3. Bg2 c6 4.
O-O Bf5 5. c4 e6 6. b3 Be7 7.
Bb2 O-O 8. d3 a5 9. Nc3 Nbd7 10.
a3 Re8 11. Re1 Bg6 12. e4 dxe4 13. dxe4 Nc5 14. e5 Ng4 15. Nd4 Nd3 16. Qxg4 Nxb2 17. Nxc6 bxc6 18. Bxc6 Qb6 19. Bxe8 Rxe8 20. h4 Qxb3 21.
Ne4 h5 22. Qe2 Nd3 23. Red1 Qxc4 24. Nd6 Bxd6 25. exd6 Rd8 26. Rac1 Qb3 27. Rb1 Qxa3 28. Ra1 Qxd6 29. Rxa5 Qb6 30. Ra2 Qb3 31. Rad2 Kh7 32.
Qe3 Qc4 33. Qg5 Rd5 34. Qe3 Qd4 35. Qxd4 Rxd4 36. Kh2 Rd5 37. Kg1 Be4 38. Kh2 Ne5 39. Rxd5 Bxd5 40. Ra1 g6 41. f4 Kg7 42. fxe5 Kg8 43.
Rf1 Kg7 44. Rf2 Be4 45. Kg1 Bf5 46. Kf1 Be4 47. Ke2 Bf5 48. Ke3 Bg4 49. Kd4 Bf5 50.
Kc5 g5 51. hxg5 Kg6 52. Kd6 Kxg5 53. Rf4 1-0

[Event "Late-Titled-Tuesday-Blitz-January-30-2024"]
[Site "Chess.com"]
[Date "2024.01.30"]
[Round "5"]
[White "Vladimir_2020"]
[Black "rasmussvane"]
[Result "1-0"]
[WhiteElo "2773"]
[BlackElo "2954"]
[TimeControl "180+1"]
[EndTime "14:57:45 PST"]
[Termination "Vladimir_2020 won on time"]

1. Nf3 d5 2. g3 Nf6 3. Bg2 e6 4. O-O Be7 5. c4 O-O 6. d4 dxc4 7. Qc2 a6 8. a4 Bd7 9. Qxc4 Bc6 10.
Bf4 Bd6 11. Nc3 a5 12. Bg5 Bb4 13. Ne5 Bxg2 14. Kxg2 c6 15. Rfd1 Be7 16. e4 Nfd7 17. Bxe7 Qxe7 18. Nf3 Na6 19. Rac1 Nb4 20. Qe2 Rfd8 21.
b3 Rac8 22. Na2 Nxa2 23. Qxa2 Nb8 24. Qd2 Qc7 25. d5 exd5 26. exd5 Rd6 27. Qf4 Rcd8 28. Nd4 Qd7 29. dxc6 bxc6 30. Rc4 g6 31. Re1 Rxd4 32. Rxd4 Qxd4 33. Qxd4 Rxd4 34. Re8+ Kg7 35. Rxb8 Rd3 36. Rb6 h5 37. Rxc6 Rxb3 38. Rc5 Ra3 39. Rxa5 Kf6 40. h4 Ke6 41. Ra6+ Kf5 42. a5 f6 43. Ra8 g5 44.
hxg5 Kxg5 45. a6 Kf5 46. a7 Ra2 47. Kf3 Ra4 48. Ke3 Ra2 49. Kd4 Ra3 50. Kc5 Ra2 51. Kb6 Rb2+ 52. Kc6 Rc2+ 53. Kd6 Ra2 54. f3 Ra3 55. Kc5 Ra2 56. Kc4 Ra1 57. Kb3 1-0

[Event "Late-Titled-Tuesday-Blitz-January-30-2024"]
[Site "Chess.com"]
[Date "2024.01.30"]
[Round "5"]
[White "Szparu"]
[Black "Sandpacer"]
[Result "1-0"]
[WhiteElo "2785"]
[BlackElo "2486"]
[TimeControl "180+1"]
[EndTime "14:57:45 PST"]
[Termination "Szparu won by resignation"]

1. e4 e5 2. Nf3 Nc6 3. d4 exd4 4.
Nxd4 Qh4 5. Nc3 Bb4 6. Be2 Qxe4 7. Nb5 Bxc3+ 8. bxc3 Kd8 9. O-O Nge7 10. Re1 d6 11.
Rb1 a6 12. Nd4 Re8 13. Bxa6 Qd5 14. Rb5 Qxa2 15. Bxb7 Bxb7 16. Rxb7 Qa6 17. Rb3 Qc4 18. Bg5 Kd7 19. Bxe7 Rxe7 20. Qg4+ Ke8 21. Rxe7+ Nxe7 22. h4 Kf8 23. Qf3 Re8 24. Rb7 Nd5 25. g3 Nxc3 26. Nf5 g6 27. Ne3 Qc5 28. Qf6 Kg8 29.
Ng4 Qh5 30. Rxc7 Ne2+ 31. Kh2 Rf8 32. Qf3 Qb5 33. Nh6+ Kg7 34. Nxf7 Nd4 35. Nxd6+ Kg8 36. Rf7 Nxf3+ 37. Rxf3 Qe5 38. Rxf8+ Kxf8 39. Nc4 Qc3 40. Ne3 Qd2 41. Kg2 Kg7 42. Kf3 h6 43. Kg2 Kf6 44.
c4 Qa2 45. Kf3 Ke5 46. Ng4+ Ke6 47. Ne3 g5 48. Kg2 gxh4 49. gxh4 Ke5 50. Kf3 Kf6 51. Kg4 Kg6 52. Kg3 h5 53. Ng2 Qxc4 54. Nf4+ Kh6 55. f3 Qc1 56. Ne2 Qe3 57. Nf4 Qg1+ 58. Ng2 Kg6 59.
Kh3 Kf5 60. Kg3 Qd1 61. Ne3+ 1-0

[Event "Late-Titled-Tuesday-Blitz-January-30-2024"]
[Site "Chess.com"]
[Date "2024.01.30"]
[Round "5"]
[White "vugarrasulov"]
[Black "CarlosjPineror"]
[Result "1-0"]
[WhiteElo "2945"]
[BlackElo "2682"]
[TimeControl "180+1"]
[EndTime "14:57:46 PST"]
[Termination "vugarrasulov won by resignation"]

1. e4 c5 2. Nf3 e6 3. g3 Nc6 4.
Bg2 Nf6 5. Nc3 d6 6. d4 cxd4 7. Nxd4 Bd7 8. O-O a6 9. a4 Be7 10. Nb3 O-O 11. a5 Qc7 12. Be3 Rac8 13. g4 h6 14. f4 Qb8 15. Kh1 Nb4 16. h3 Bc6 17. Nd4 Bd7 18. Qd2 Rfd8 19. Qf2 Rf8 20. Rad1 Rc4 21. Nb3 Qc8 22. Rfe1 Bc6 23. Nd4 Bd7 24. Rd2 Bd8 25. Nb3 Be7 26. Bb6 Bc6 27. Nd4 Be8 28. Bf1 Rxc3 29. bxc3 Nc6 30.
Bg2 Nd7 31. Nxc6 bxc6 32. Be3 Qd8 33. Ra1 Qc7 34. Bb6 Qc8 35. c4 c5 36. Rad1 Qb8 37.
e5 Nxb6 38. exd6 Bxd6 39. Rxd6 Nxc4 40. Rd8 Qb4 41. Ra8 Bb5 42. Rxf8+ Kxf8 43. Rd8+ Ke7 44. Rc8 Nxa5 45. Rc7+ Kd6 46. Rxf7 Qd4 47. Qxd4+ cxd4 48. Rxg7 Nc6 49. Bxc6 Bxc6+ 50. Kg1 Be4 51. Kf2 Bxc2 52. h4 a5 53. Ra7 a4 54. g5 hxg5 55. fxg5 Kc5 56. Rc7+ Kb4 57. Rxc2 Kb3 58. Rd2 Kc3 59. Ke2 e5 60. g6 e4 61. g7 e3 62. Rd3+ Kc2 63. g8=Q 1-0

[Event "Late-Titled-Tuesday-Blitz-January-30-2024"]
[Site "Chess.com"]
[Date "2024.01.30"]
[Round "5"]
[White "MikaelyanArman"]
[Black "Chessdreamer2020"]
[Result "1-0"]
[WhiteElo "2858"]
[BlackElo "2572"]
[TimeControl "180+1"]
[EndTime "14:57:46 PST"]
[Termination "MikaelyanArman won by resignation"]

1. d4 d6 2. Nf3 g6 3. e4 Bg7 4. Bc4 Nf6 5. Qe2 d5 6. exd5 Nxd5 7. O-O O-O 8. Bg5 Nc6 9. c3 h6 10. Bh4 Bf5 11. Nbd2 Re8 12. Rfe1 Qd7 13. Nb3 Nb6 14. Nc5 Qc8 15. Bb3 e5 16. dxe5 Nxe5 17. Nd4 Bg4 18. Qc2 Nbd7 19. Ne4 c5 20. Nd6 Qc7 21. N4b5 Qc6 22.
f4 c4 23. Ba4 a6 24. Nxe8 axb5 25. Nxg7 Nd3 26. h3 Nxe1 27. Rxe1 Kxg7 28. hxg4 bxa4 29.
Qd2 Nc5 30. Qd4+ Kg8 31. Qxc4 b5 32. Qd4 Rc8 33. Bf2 Ne6 34. Qe5 Qc4 35. f5 gxf5 36.
gxf5 Ng5 37. Qg3 Rd8 38. f6 Qc6 39. Bd4 Rd5 40. Re5 Kh7 41. Qd3+ Kg8 42. Qe3 Rd8 43.
Rxg5+ hxg5 44. Qxg5+ Kf8 45. Qg7+ Ke8 46. Qg8+ Kd7 47.
Qxf7+ Kc8 48. Qe7 Qd5 49. f7 Qf5 50. Kh2 Qh5+ 51. Kg3 Qg6+ 52. Kf2 Qf5+ 53. Ke3 Qg5+ 54. Qxg5 1-0

[Event "Late-Titled-Tuesday-Blitz-January-30-2024"]
[Site "Chess.com"]
[Date "2024.01.30"]
[Round "5"]
[White "wadsy27"]
[Black "Dedic8"]
[Result "1/2-1/2"]
[WhiteElo "2628"]
[BlackElo "2806"]
[TimeControl "180+1"]
[EndTime "14:57:47 PST"]
[Termination "Game drawn by agreement"]

1. c4 e6 2. g3 d5 3. Bg2 Nf6 4. Nf3 dxc4 5. Qa4+ Nbd7 6. Qxc4 a6 7.
Qc2 b5 8. a4 Bb7 9. O-O c5 10.
Nc3 b4 11. Nb1 Be7 12. d3 O-O 13. Nbd2 Rc8 14. Nc4 Nb8 15. Bf4 Nc6 16. Rac1 Nd5 17.
Bd2 f5 18. Nfe5 Nxe5 19. Nxe5 Bf6 20. Nc4 h5 21. e4 Nb6 22. Nxb6 Qxb6 23. Qb3 Kh7 24.
Be3 g5 25. Rfe1 h4 26. exf5 Bxg2 27. Kxg2 exf5 28. Qd5 Qc6 29. Qxc6 Rxc6 30. b3 Bc3 31. Red1 f4 32. gxf4 gxf4 33. Bd2 f3+ 34. Kh3 Bd4 35.
Be3 Bxe3 36. fxe3 f2 37. Rf1 Rf3+ 38. Kxh4 Rxe3 39. Rxf2 Rxd3 40. Rf5 Rh6+ 41. Kg4 Rd4+ 42. Kg5 Rg6+ 43. Kh5 Rh6+ 44. Kg5 Rg6+ 45. Kh5 Rg2 46. Rcxc5 Rxh2+ 47. Kg5 Rg2+ 48. Kh5 Rh2+ 49. Kg5 Rg2+ 50.
Kh5 Rg7 51. Rc6 Rd3 52. Rh6+ Kg8 53. Kh4 Rxb3 54. Rxa6 Rb1 55. Ra8+ Kh7 56. Rh5+ Kg6 57. Ra6+ Kf7 58. Ra7+ Kg8 59. Rxg7+ Kxg7 60. Rb5 b3 61.
Kg3 b2 62. Kg2 Ra1 63. Rxb2 Rxa4 64. Rb7+ Kg6 1/2-1/2

[Event "Late-Titled-Tuesday-Blitz-January-30-2024"]
[Site "Chess.com"]
[Date "2024.01.30"]
[Round "5"]
[White "only_strong_moves"]
[Black "picturesquecheck"]
[Result "0-1"]
[WhiteElo "2534"]
[BlackElo "2373"]
[TimeControl "180+1"]
[EndTime "14:57:48 PST"]
[Termination "picturesquecheck won by resignation"]

1. d4 d6 2. e4 g6 3. Nc3 Bg7 4. f4 a6 5. Nf3 Nf6 6. Be3 O-O 7.
e5 Ng4 8. Bg1 dxe5 9. dxe5 h5 10. Bd3 Nh6 11. Qe2 c6 12. O-O-O Qa5 13. Kb1 Be6 14.
a3 b5 15. Bc5 Re8 16. Ng5 Bg4 17. Qe4 Nd7 18. Bb4 Qc7 19. e6 f5 20. Qe3 Nb6 21. Ba5 Rab8 22. Rde1 Qb7 23. Bxb6 Qxb6 24. Qxb6 Rxb6 25. h3 b4 26. Na4 Rbb8 27. axb4 Rxb4 28. b3 Reb8 29. Kc1 Rxf4 30. hxg4 Nxg4 31. Rhf1 Rxf1 32. Bxf1 Bh6 33. Kb1 Bxg5 34. Bxa6 Bh4 35. Rd1 Bf6 36.
Nc5 h4 37. Bb7 Ne5 38. Nd7 Rxb7 39. Nxf6+ exf6 40. Rd4 Kf8 41. Rxh4 Re7 42. Rh8+ Kg7 43. Rc8 Rxe6 44. c4 Kh6 45. c5 f4 46. b4 Kg5 47.
Kc2 Kf5 48. Kc3 g5 49. Kd4 g4 50. Rg8 f3 51. gxf3 Nxf3+ 52. Kc4 Ne5+ 53. Kd4 Kf4 54. b5 cxb5 55. Kd5 Re7 56. Kd6 Rd7+ 57. Ke6 Rd2 58. Rf8 Ke4 59. Rxf6 Nf3 60. c6 Nd4+ 61.
Ke7 Nxc6+ 62. Rxc6 Kf3 63. Re6 Re2 64. Kf6 Rxe6+ 65.
Kxe6 g3 66. Kf5 g2 67. Ke5 g1=Q 68. Ke6 Qe3+ 0-1

[Event "Late-Titled-Tuesday-Blitz-January-30-2024"]
[Site "Chess.com"]
[Date "2024.01.30"]
[Round "5"]
[White "ameetghasi100"]
[Black "Felix-Rose"]
[Result "1-0"]
[WhiteElo "2751"]
[BlackElo "2382"]
[TimeControl "180+1"]
[EndTime "14:57:49 PST"]
[Termination "ameetghasi100 won by resignation"]

1. Nf3 d5 2. d4 Nf6 3. c4 e6 4. Nc3 Be7 5. Bg5 Nbd7 6. e3 h6 7. Bh4 O-O 8. Qc2 c5 9. dxc5 Nxc5 10. Rd1 Qa5 11. cxd5 Nxd5 12. Bxe7 Nxe7 13. a3 Nd7 14. Be2 Nf6 15. O-O Ned5 16. Nxd5 Nxd5 17. Bc4 Nb6 18. Ba2 Bd7 19. Bb1 g6 20. Rd4 Rac8 21.
Qe4 Bc6 22. Qh4 Bxf3 23. Qxh6 Qh5 24. Qxh5 Bxh5 25. g4 e5 26. Rb4 Nd5 27. Rb5 Nc7 28. Rb4 Nd5 29. Ra4 b5 30. Re4 Nf6 31. Rxe5 Bxg4 32.
f3 Bh3 33. Rd1 Rfd8 34. Rxd8+ Rxd8 35. Kf2 Nh5 36. Ke2 Rc8 37. Bd3 a6 38. Re7 Rc1 39.
Ra7 Bf1+ 40. Kd2 Ra1 41. Bc2 Ra2 42. Kc1 Ra1+ 43. Kd2 Ra2 44. Kc3 a5 45. Rxa5 b4+ 46. axb4 Rxa5 47. bxa5 Nf6 48. e4 Nd7 49. b4 Kf8 50. f4 Ke7 51. Ba4 Kd6 52. Kd4 Nf6 53. e5+ Ke7 54. exf6+ Kxf6 55. b5 Kf5 56. b6 Kxf4 57. b7 1-0

[Event "Late-Titled-Tuesday-Blitz-January-30-2024"]
[Site "Chess.com"]
[Date "2024.01.30"]
[Round "5"]
[White "IlanSchnaider"]
[Black "Road2GM3000"]
[Result "1-0"]
[WhiteElo "2669"]
[BlackElo "2497"]
[TimeControl "180+1"]
[EndTime "14:57:51 PST"]
[Termination "IlanSchnaider won by resignation"]

1. e4 c5 2. Nf3 d6 3. Bb5+ Bd7 4. Bxd7+ Nxd7 5. O-O Ngf6 6. Qe2 e6 7. c3 Be7 8. Rd1 O-O 9. d4 cxd4 10. cxd4 b5 11. e5 dxe5 12. dxe5 Nd5 13. Qxb5 Rb8 14. Qe2 Qc7 15.
Nc3 Nxc3 16. bxc3 Nb6 17. Bg5 Bxg5 18. Nxg5 h6 19. Nf3 Qxc3 20. Rac1 Qa5 21. Nd4 Qa4 22. Nc6 Rb7 23. Nd4 Nd5 24. Nb3 Qb4 25. Qf3 a5 26. h3 a4 27. Nd4 a3 28. Nc2 Qb2 29.
Qxa3 Nc3 30. Re1 Nxa2 31. Rb1 Qxb1 32. Rxb1 Rxb1+ 33. Kh2 Nc1 34. Nd4 Rfb8 35. Nc6 R8b3 36. Ne7+ Kh7 37. Qa8 Rb8 38. Qe4+ Kh8 39. Qf3 Rf8 40.
Ng6+ Kg8 41. Nxf8 Kxf8 42. Qa8+ Ke7 43. Qa7+ Kf8 44. Qa8+ Ke7 45. Qa3+ Ke8 46. Qc3 Ne2 47. Qc2 Re1 48. Qd2 Ra1 49. Qxe2 Ra7 50. Qe4 Rd7 51. f4 Kf8 52. Qa8+ Ke7 53. Qa3+ Ke8 54. g4 Rd8 55. Kg3 Rd7 56. f5 Re7 57. Qa8+ Kd7 58. f6 gxf6 59. exf6 Re8 60. Qa7+ Kd6 61. Qxf7 Rb8 62. Qe7+ Kc6 63. f7 Rb3+ 64. Kh4 Kd5 65. f8=Q Rb8 1-0

[Event "Late-Titled-Tuesday-Blitz-January-30-2024"]
[Site "Chess.com"]
[Date "2024.01.30"]
[Round "5"]
[White "RaulPerezGuerra"]
[Black "GAO"]
[Result "1/2-1/2"]
[WhiteElo "2444"]
[BlackElo "2388"]
[TimeControl "180+1"]
[EndTime "14:57:51 PST"]
[Termination "Game drawn by repetition"]

1. b3 e5 2. Bb2 Nc6 3. c4 Nf6 4. g3 d5 5. cxd5 Nxd5 6. Bg2 Be6 7. e3 Be7 8. Ne2 Ndb4 9. O-O O-O 10. d4 Bf5 11. Na3 Nd3 12. Nc4 Nxb2 13. Nxb2 exd4 14. Nxd4 Nxd4 15. exd4 c6 16. Nc4 Bf6 17. Ne5 Re8 18. Re1 Qd6 19. Qf3 Be6 20. Rad1 Bd5 21. Qf4 Bxg2 22.
Kxg2 Rad8 23. Qf3 Qd5 24. Qxd5 cxd5 25. Rc1 Rc8 26. f4 g6 27. Kf3 h5 28. Ke3 Kg7 29. Kd3 h4 30. a4 hxg3 31. hxg3 Rh8 32. Rxc8 Rxc8 33. Nd7 Rh8 34. Nxf6 Kxf6 35. Re5 Rh3 36. Rxd5 Rxg3+ 37. Kc4 Rf3 38. Rd7 Rxf4 39. Rxb7 g5 40. Kc5 g4 41. Rb8 Rf5+ 42. d5 Rg5 43. Re8 g3 44. Re1 g2 45. Rg1 Ke7 46. Kc6 f5 47. Kc7 Rg7 48. d6+ Ke6+ 49. Kc6 f4 50. d7 Rxd7 51. Rxg2 Rd3 52. Rf2 f3 53. b4 Ra3 54.
a5 Ke5 55. Kb7 Ra4 56. Kxa7 Ke4 57. Kb6 Rxb4+ 58. Kc5 Ra4 59. Kb5 Ra1 60. a6 Ke3 61.
Rb2 f2 62. Rxf2 Kxf2 63. Kb6 Ke3 64. a7 Kd4 65. Kb7 Rb1+ 66. Kc6 Ra1 67. Kb7 Rb1+ 68. Kc6 Rc1+ 69. Kb7 Rb1+ 1/2-1/2

[Event "Late-Titled-Tuesday-Blitz-January-30-2024"]
[Site "Chess.com"]
[Date "2024.01.30"]
[Round "5"]
[White "DeArron_Fox"]
[Black "M1711"]
[Result "0-1"]
[WhiteElo "2488"]
[BlackElo "2666"]
[TimeControl "180+1"]
[EndTime "14:57:58 PST"]
[Termination "M1711 won by resignation"]

1. d4 Nf6 2. c4 e6 3. Nf3 b6 4. g3 Ba6 5. b3 Bb4+ 6. Bd2 Bxd2+ 7.
Qxd2 c6 8. Bg2 d5 9. O-O O-O 10. Nc3 dxc4 11. Ne5 cxb3 12. axb3 Bb7 13. f4 Qe7 14. f5 exf5 15. Rxf5 Qe6 16. Raf1 Nbd7 17. Qg5 h6 18. Qh4 Nxe5 19. Rxe5 Qd6 20. e3 Rfe8 21. Rff5 Rxe5 22. dxe5 Qe6 23. Bh3 Qxb3 24. exf6 Qxc3 25. fxg7 Qxe3+ 26. Rf2 c5 27. Qf6 Bd5 28. Bg2 Qd3 29. Bxd5 Qxd5 30. Qxh6 Qd1+ 31. Rf1 Qd4+ 32. Kg2 Qxg7 33. Qc6 Rd8 34. Rf4 Qg6 35. Qc7 Rd2+ 36. Kh3 Qh5+ 37. Rh4 Qf5+ 38. Rg4+ Kh7 39.
Qf4 Qxf4 40. Rxf4 Kg7 41. Rg4+ Kf8 42. Ra4 a5 43. Ra3 c4 44. Ra4 c3 45. Rc4 c2 46.
Rc6 b5 47. Kg4 b4 48. h4 b3 49. h5 Rd1 50. h6 c1=Q 51. h7 Rd4+ 52. Kf5 Qf1+ 53. Ke5 Re4+ 54. Kxe4 Qb1+ 55. Kd4 Qxh7 56. Rc8+ Ke7 57. Rc7+ Kd6 58. Rb7 Qg7+ 59. Kc4 Qxg3 60. Rb6+ Kc7 61. Rxb3 Qxb3+ 62. Kxb3 Kd6 63. Ka4 Kc5 64. Kxa5 f5 65. Ka4 Kc4 66. Ka3 Kc3 67. Ka2 f4 68. Kb1 Kd2 69. Kb2 f3 0-1

[Event "Late-Titled-Tuesday-Blitz-January-30-2024"]
[Site "Chess.com"]
[Date "2024.01.30"]
[Round "5"]
[White "katharinareinecke"]
[Black "Doudou2015"]
[Result "1/2-1/2"]
[WhiteElo "1975"]
[BlackElo "2200"]
[TimeControl "180+1"]
[EndTime "14:58:00 PST"]
[Termination "Game drawn by repetition"]

1. d4 d5 2. c4 e6 3. Nf3 c6 4. g3 Nf6 5. Bg2 Bd6 6. O-O h5 7. h3 Ne4 8. Nc3 f5 9. Nxe4 fxe4 10. Ne5 Bxe5 11. dxe5 O-O 12. h4 Nd7 13. Bf4 Rxf4 14. gxf4 Qxh4 15. e3 Nf8 16. f3 exf3 17. Qxf3 Ng6 18. Qh3 Bd7 19. cxd5 cxd5 20. Qxh4 Nxh4 21.
Rac1 Nf5 22. Kf2 Rf8 23. Rc7 Bc6 24. Bh3 d4 25. Bxf5 dxe3+ 26. Kxe3 Rxf5 27. Rg1 Rf7 28. Rxf7 Kxf7 29. b4 h4 30. Kf2 h3 31. Kg3 Bg2 32. Rc1 Kg6 33. Rc7 a6 34. a4 b5 35.
axb5 axb5 36. Rc5 Bf1 37. Rc6 Kf5 38. Rc7 g5 39. fxg5 Kxg5 40. Rc6 Kf5 41. Rc5 Ke4 42. Kf2 Bc4 43. Kg3 Bf1 44. Kh2 Kd4 45. Kg3 Bc4 46. Kh2 Bf1 47. Kg3 Bc4 48. Kh2 Bd5 49. Kxh3 Kxe5 50.
Kg3 Kd4 51. Kf2 Bc4 52. Ke1 e5 53. Kd2 e4 54. Rc8 e3+ 55. Ke1 Kc3 56. Re8 e2 57.
Rc8 Kxb4 58. Kd2 Kb3 59. Ke1 b4 60. Rb8 Kc2 61. Rxb4 Bd3 62. Rb8 Kc3 63. Re8 Bc4 64.
Rxe2 Bd3 65. Re3 Kd4 66. Re8 Bc4 67. Rd8+ Bd5 68. Kd2 Ke4 69. Re8+ Kd4 70. Rd8 Ke4 71.
Rd7 Kd4 72. Rd8 1/2-1/2

[Event "Late-Titled-Tuesday-Blitz-January-30-2024"]
[Site "Chess.com"]
[Date "2024.01.30"]
[Round "5"]
[White "Alex_Sahakyan2006"]
[Black "yobdc"]
[Result "1-0"]
[WhiteElo "2868"]
[BlackElo "2579"]
[TimeControl "180+1"]
[EndTime "14:58:02 PST"]
[Termination "Alex_Sahakyan2006 won by resignation"]

1. e4 c6 2. d4 d5 3. Nc3 dxe4 4. Nxe4 Nf6 5. Nxf6+ exf6 6. Bd3 Qxd4 7. Ne2 Qd8 8.
Ng3 Be7 9. O-O O-O 10. Qh5 g6 11. Qh6 Re8 12. Bd2 Bf8 13. Qh4 Nd7 14. Bc3 Ne5 15.
Rad1 Bd7 16. Be2 Bg7 17. f4 g5 18. fxg5 fxg5 19. Qh5 f6 20. Kh1 Qc7 21. Ne4 Re6 22.
Nc5 Rd6 23. Bxe5 fxe5 24. Qf7+ Kh8 25. Rxd6 Qxd6 26. Nxd7 Rd8 27. Bg4 e4 28. h3 e3 29.
Nf6 Rf8 30. Qh5 Rxf6 31. Qe8+ Qf8 32. Qxf8+ Rxf8 33. Rxf8+ Bxf8 34. Kg1 Kg7 35. Kf1 Kf6 36. Ke2 Bc5 37. Kd3 a5 38. Bc8 b6 39. Bb7 Ke5 40.
Bxc6 Kf4 41. Bf3 Kg3 42. Ke2 h5 43. Bxh5 Kxg2 44. Bg4 Kg3 45. c3 Kf4 46. Kd3 a4 47.
a3 Kg3 48. Ke2 Bd6 49. Bd7 Bf4 50. Bxa4 Kxh3 51. Kf3 Kh2 52. Bd7 Kg1 53. Ke2 Kg2 54. Bc6+ Kg3 55. a4 g4 56. b4 Kh2 57. a5 bxa5 58. bxa5 g3 59. a6 Bb8 60. Kxe3 Ba7+ 61. Kd3 g2 62. Bxg2 Kxg2 63. Kc4 Kf3 64. Kd5 Kf4 65.
c4 Kf5 66. c5 Kf6 67. Kd6 Bb8+ 68. Kd7 Ke5 69. c6 Kd5 70. c7 Bxc7 71. Kxc7 1-0